[Event "Titled Tuesday Blitz January 31 Early 2023"]
[White "Dardha, Daniel"]
[Black "Ezat, Mohamed"]
[WhiteFideId "240990"]
[BlackFideId "10600906"]
[WhiteElo "2631"]
[BlackElo "2402"]
[Result "1/2-1/2"]
[Round "01"]
[TimeControl "180+2"]
[Date "2023.01.31"]
[WhiteClock "0:01:30"]
[BlackClock "0:02:12"]

1. Nf3 b5 2. e4 Bb7 3. Bxb5 Bxe4 4. Nc3 Bb7 5. d4 e6 6. O-O Nf6 7. Bg5 Be7 8. Re1 O-O 9. h3 d6 10. Qe2 Nbd7 11. Rad1 Nb6 12. Bd3 Nbd5 13. Nxd5 Nxd5 14. Bd2 a5 15. Qe4 g6 16. Qe2 Nb4 17. Bh6 Nxd3 18. Qxd3 Re8 19. c4 Bf6 20. Nh2 Bg5 21. Ng4 Bxh6 22. Nxh6+ Kg7 23. Ng4 Qg5 24. Qf3 Bxf3 25. gxf3 h5 26. f4 1/2-1/2


[Site "https://www.chess.com"]

[Event "Titled Tuesday Blitz January 31 Early 2023"]
[White "Svane, Rasmus"]
[Black "Ozates, Tuna"]
[WhiteFideId "4657101"]
[BlackFideId "6354521"]
[WhiteElo "2623"]
[BlackElo "2251"]
[Result "1-0"]
[Round "01"]
[TimeControl "180+2"]
[Date "2023.01.31"]
[WhiteClock "0:01:40"]
[BlackClock "0:00:25"]

1. Nf3 c5 2. c4 Nc6 3. Nc3 Nd4 4. Ng1 Nf6 5. e3 Nc6 6. Nf3 d5 7. cxd5 Nxd5 8. Bb5 Nxc3 9. bxc3 Bd7 10. O-O e6 11. d4 a6 12. Bd3 Bd6 13. e4 e5 14. Bg5 Be7 15. Bxe7 Qxe7 16. d5 Nd8 17. a4 f6 18. Qb3 Qd6 19. Rfb1 O-O 20. Nd2 Kh8 21. Nc4 Qc7 22. Qb6 Rc8 23. Qxc7 Rxc7 24. Rb6 Bc8 25. Rab1 Nf7 26. Na5 Nd8 27. f3 g6 28. Nc4 Kg7 29. Nd6 Bd7 30. Nxb7 Nxb7 31. Rxb7 Rfc8 1-0


[Site "https://www.chess.com"]

[Event "Titled Tuesday Blitz January 31 Early 2023"]
[White "Shimanov, Aleksandr"]
[Black "Hnydiuk, Aleksander"]
[WhiteFideId "4198603"]
[BlackFideId "1109057"]
[WhiteElo "2581"]
[BlackElo "2363"]
[Result "1-0"]
[Round "01"]
[TimeControl "180+2"]
[Date "2023.01.31"]
[WhiteClock "0:00:09"]
[BlackClock "0:00:05"]

1. c4 Nf6 2. Nf3 b6 3. g3 Bb7 4. Bg2 c5 5. O-O e6 6. Nc3 Be7 7. Re1 d6 8. e4 a6 9. d4 cxd4 10. Nxd4 Qc7 11. Be3 Nbd7 12. Rc1 Rc8 13. b3 Qb8 14. g4 h5 15. gxh5 Rxh5 16. f4 Kf8 17. Bf2 g6 18. Bg3 Kg7 19. Qe2 Rch8 20. Nf3 Nc5 21. Ng5 R5h6 22. b4 Ncd7 23. Rcd1 Nh5 24. Nf3 Nxg3 25. hxg3 Bf6 26. Qd2 Be7 27. a3 Ba8 28. e5 Qb7 29. Ne4 d5 30. cxd5 Qxd5 31. Qe3 Qb7 32. Nd6 Qa7 33. Rd2 Bd5 34. Ne4 Qa8 35. Nc3 Bc6 36. Red1 Nf8 37. Ne2 Bd5 38. Nc3 Bc6 39. Rc1 g5 40. fxg5 Rh5 41. Ne2 Ng6 42. Nf4 Nxf4 43. gxf4 Bd5 44. Rcd1 b5 45. Rxd5 exd5 46. Nd4 Bd8 47. Nf5+ Kf8 48. Rxd5 Qb8 49. Rd6 Bc7 50. Rc6 Bd8 51. Qc5+ Kg8 52. Rc8 Rh1+ 53. Bxh1 Rxh1+ 54. Kxh1 Qb7+ 55. Kg1 1-0


[Site "https://www.chess.com"]

[Event "Titled Tuesday Blitz January 31 Early 2023"]
[White "Lenderman, Aleksandr"]
[Black "Martic, Ivan"]
[WhiteFideId "2021285"]
[BlackFideId "929301"]
[WhiteElo "2572"]
[BlackElo "2301"]
[Result "1-0"]
[Round "01"]
[TimeControl "180+2"]
[Date "2023.01.31"]
[WhiteClock "0:01:20"]
[BlackClock "0:01:43"]

1. Nf3 d5 2. e3 Nf6 3. c4 e6 4. d4 Be7 5. Nc3 O-O 6. b3 b6 7. cxd5 exd5 8. Bb2 Bb7 9. Bd3 c5 10. O-O Nbd7 11. Qe2 a6 12. Rfd1 Re8 13. Rac1 Bf8 14. Bf5 g6 15. Bh3 Bg7 16. dxc5 bxc5 17. Bxd7 Qxd7 18. Na4 c4 19. Nb6 Qg4 20. Nxa8 Bxa8 21. h3 Qh5 22. bxc4 dxc4 23. Rxc4 Ne4 24. Bxg7 Kxg7 25. Qb2+ Kg8 26. Rcd4 Ng5 27. Nxg5 Qxg5 28. Rg4 Qe7 29. Qd4 h5 30. Rg3 Be4 31. Qd6 Qb7 32. Qf6 Bc2 33. Rd8 Qb5 34. Rxe8+ Qxe8 35. Rg5 Bd3 36. Rd5 Qb8 37. Rd8+ 1-0


[Site "https://www.chess.com"]

[Event "Titled Tuesday Blitz January 31 Early 2023"]
[White "Dominguez Perez, Leinier"]
[Black "Tomaszewski, Kacper"]
[WhiteFideId "3503240"]
[BlackFideId "1127373"]
[WhiteElo "2739"]
[BlackElo "2313"]
[Result "1-0"]
[Round "01"]
[TimeControl "180+2"]
[Date "2023.01.31"]
[WhiteClock "0:00:12"]
[BlackClock "0:00:04"]

1. d4 Nf6 2. Nf3 d5 3. e3 e6 4. Bd3 c5 5. b3 Nc6 6. O-O Be7 7. dxc5 Bxc5 8. Bb2 b6 9. a3 Bb7 10. Nbd2 O-O 11. b4 Be7 12. c4 dxc4 13. Nxc4 h6 14. Qe2 Rc8 15. Rac1 Qd5 16. e4 Qh5 17. e5 Nd5 18. Qe4 Qg6 19. g3 Nf4 20. Qxg6 Nxg6 21. Be4 Nd8 22. Nfd2 Bd5 23. Bxd5 exd5 24. Ne3 Rxc1 25. Rxc1 f6 26. Nxd5 fxe5 27. Nxe7+ Nxe7 28. Rc7 Nec6 29. Nc4 Rf7 30. Rc8 Rf8 31. b5 Nd4 32. a4 Nf3+ 33. Kh1 Nf7 34. Rc7 N7g5 35. Nxe5 Nxe5 36. Bxe5 Rf7 37. Rxf7 Kxf7 38. Bb8 Ne4 39. Bxa7 Nc5 40. a5 1-0


[Site "https://www.chess.com"]

[Event "Titled Tuesday Blitz January 31 Early 2023"]
[White "Rasulov, Vugar"]
[Black "Golubev, Mikhail"]
[WhiteFideId "13402390"]
[BlackFideId "14100983"]
[WhiteElo "2523"]
[BlackElo "2461"]
[Result "1-0"]
[Round "01"]
[TimeControl "180+2"]
[Date "2023.01.31"]
[WhiteClock "0:00:44"]
[BlackClock "0:00:04"]

1. d4 Nf6 2. c4 g6 3. Nc3 Bg7 4. e4 d6 5. h3 O-O 6. Be3 Na6 7. g4 e5 8. d5 Nc5 9. Bd3 h5 10. g5 Nh7 11. Nf3 f5 12. gxf6 Nxd3+ 13. Qxd3 Qxf6 14. Nd2 Ng5 15. h4 Nf3+ 16. Kd1 Nd4 17. Bxd4 exd4 18. Nb5 Bg4+ 19. Kc2 a6 20. Nxc7 Rac8 21. f3 Rxc7 22. fxg4 b5 23. Raf1 bxc4 24. Nxc4 Qxf1 25. Rxf1 Rxf1 26. Qxf1 hxg4 27. Kd3 Rf7 28. Qg2 Rf3+ 29. Kd2 Bh6+ 30. Kd1 d3 31. e5 dxe5 32. d6 1-0


[Site "https://www.chess.com"]

[Event "Titled Tuesday Blitz January 31 Early 2023"]
[White "Bagrationi, Alexander"]
[Black "Zierk, Steven"]
[WhiteFideId "14104954"]
[BlackFideId "2034255"]
[WhiteElo "2454"]
[BlackElo "2488"]
[Result "0-1"]
[Round "01"]
[TimeControl "180+2"]
[Date "2023.01.31"]
[WhiteClock "0:00:01"]
[BlackClock "0:00:02"]

1. e4 e6 2. d4 d5 3. exd5 exd5 4. Bd3 Nc6 5. c3 Bd6 6. Qf3 Nf6 7. h3 Ne7 8. Ne2 Ng6 9. Bg5 c6 10. Bxf6 Qxf6 11. Qxf6 gxf6 12. g3 h5 13. h4 Bd7 14. Nd2 O-O-O 15. f3 f5 16. f4 Ne7 17. Nf3 Ng8 18. Ne5 Be6 19. Kf2 Nf6 20. Rhe1 Ne4+ 21. Kg2 Rhg8 22. Nf3 f6 23. Bxe4 fxe4 24. Nh2 Kd7 25. Kf2 a5 26. Nf1 Bg4 27. Ne3 f5 28. Nc1 Ra8 29. a4 b5 30. axb5 Rgb8 31. bxc6+ Kxc6 32. b3 a4 33. b4 Kb5 34. Ra3 Kc6 35. Ne2 Rb7 36. Rea1 Rba7 37. Nxg4 fxg4 38. Ke3 Kb5 39. Kd2 Rf8 40. Nc1 Rc7 41. Rxa4 Bxf4+ 0-1


[Site "https://www.chess.com"]

[Event "Titled Tuesday Blitz January 31 Early 2023"]
[White "Senthil, Maran K"]
[Black "Mosadeghpour, Masoud"]
[WhiteFideId "25035681"]
[BlackFideId "12519278"]
[WhiteElo "2209"]
[BlackElo "2472"]
[Result "0-1"]
[Round "01"]
[TimeControl "180+2"]
[Date "2023.01.31"]
[WhiteClock "0:00:14"]
[BlackClock "0:00:11"]

1. d4 Nf6 2. Nf3 e6 3. g3 d5 4. c4 Bb4+ 5. Bd2 Be7 6. Bg2 O-O 7. O-O Nbd7 8. Qc2 Ne4 9. Rc1 c6 10. Be1 a5 11. Nbd2 f5 12. Ne5 Nd6 13. Ndf3 Nf7 14. Nxd7 Bxd7 15. Rab1 Bd6 16. b4 axb4 17. Bxb4 Qc7 18. Bxd6 Nxd6 19. Ne5 dxc4 20. Nxc4 Nxc4 21. Qxc4 Kh8 22. Rb2 Ra7 23. Rcb1 Rfa8 24. e3 h6 25. Qc5 Kh7 26. h4 Bc8 27. h5 Rxa2 28. Qf8 Rxb2 29. Rxb2 Qd7 30. Bf1 Ra1 31. Rc2 b6 32. Kg2 Qd5+ 33. f3 Rxf1 34. Kxf1 Qxf3+ 35. Rf2 Ba6+ 36. Kg1 Qxg3+ 37. Rg2 Qxe3+ 38. Kh2 Qf4+ 39. Rg3 Qf2+ 40. Rg2 Qf4+ 41. Rg3 Qh4+ 42. Kg2 Bf1+ 43. Kf3 Be2+ 44. Kg2 Bf1+ 45. Kf3 Qxh5+ 46. Kf4 Qh4+ 47. Kf3 Be2+ 48. Kg2 Qe4+ 49. Kf2 Bg4 50. Qd6 Qe2+ 51. Kg1 Qe1+ 52. Kg2 h5 53. Rb3 Qd2+ 54. Kg3 h4+ 55. Kxh4 Qh6+ 56. Kg3 Qh3+ 57. Kf4 Qxb3 58. Qe7 Qf3+ 59. Kg5 Qe3+ 60. Kh4 Qh6+ 61. Kg3 Qh3+ 62. Kf4 Qh2+ 63. Kg5 Qh6# 0-1


[Site "https://www.chess.com"]

[Event "Titled Tuesday Blitz January 31 Early 2023"]
[White "Bruzon Batista, Lazaro"]
[Black "Girsh, Daniel"]
[WhiteFideId "3503739"]
[BlackFideId "30949190"]
[WhiteElo "2611"]
[BlackElo "2123"]
[Result "1-0"]
[Round "01"]
[TimeControl "180+2"]
[Date "2023.01.31"]
[WhiteClock "0:00:18"]
[BlackClock "0:00:15"]

1. d4 Nf6 2. Nf3 d5 3. c4 e6 4. Nc3 Bb4 5. cxd5 exd5 6. Qa4+ Nc6 7. Bg5 h6 8. Bxf6 Qxf6 9. e3 O-O 10. Be2 Rd8 11. O-O Bg4 12. Rfc1 a5 13. Qd1 Ne7 14. a3 Bd6 15. Na4 c6 16. Nc5 Rab8 17. b4 axb4 18. axb4 Nf5 19. Rab1 Qg6 20. Nd3 Qh5 21. g3 Re8 22. Rb2 Re6 23. Nfe5 Bxe2 24. Qxe2 Qg5 25. Qf3 f6 26. Nd7 Rbe8 27. Nf4 Re4 28. Nh3 Qg6 29. Nc5 Nh4 30. Qd1 Rg4 31. Kf1 Nf5 32. Rc3 Qh5 33. Ng1 Qg6 34. Qf3 Rg5 35. Nh3 Rg4 36. Nd3 Nh4 37. gxh4 Rxh4 38. Ndf4 Qf5 39. Rc1 Re4 40. Qg3 Bxf4 41. Qxh4 Bxe3 42. Qxe4 dxe4 43. Re1 Qxh3+ 44. Ke2 Qf3+ 45. Kf1 Bf4 46. Rc2 Bxh2 47. Re3 Qh3+ 48. Ke2 Qg4+ 49. Kd2 Bd6 50. Kc3 Qf4 51. Rce2 Be7 52. Kc4 Bf8 53. b5 Qd6 54. bxc6 Qd5+ 55. Kxd5 bxc6+ 56. Kxc6 g6 57. Rxe4 f5 58. Re8 Kf7 59. Rxf8+ Kxf8 60. d5 Kf7 61. d6 Kf6 62. d7 f4 63. d8=Q+ Kf5 64. Qd5+ Kg4 65. Qg2+ Kf5 66. f3 g5 67. Qf2 h5 68. Qc5+ Kf6 69. Qe5+ Kg6 70. Qe6+ Kg7 71. Qd7+ Kg6 72. Re6+ Kf5 73. Qd5# 1-0


[Site "https://www.chess.com"]

[Event "Titled Tuesday Blitz January 31 Early 2023"]
[White "Rangel, Daniel"]
[Black "Vokhidov, Shamsiddin"]
[WhiteFideId "2124475"]
[BlackFideId "14204223"]
[WhiteElo "2207"]
[BlackElo "2586"]
[Result "0-1"]
[Round "01"]
[TimeControl "180+2"]
[Date "2023.01.31"]
[WhiteClock "0:00:08"]
[BlackClock "0:01:11"]

1. c4 e5 2. g3 c6 3. Bg2 d5 4. cxd5 cxd5 5. Nf3 Nc6 6. O-O e4 7. Ne1 Nf6 8. Nc3 Be7 9. d3 exd3 10. Nxd3 d4 11. Ne4 O-O 12. b3 Bf5 13. Nxf6+ Bxf6 14. Bb2 Re8 15. Rc1 Qe7 16. Re1 Rac8 17. Nf4 Bg5 18. Nd5 Qd6 19. e3 Be4 20. Nf4 Bxf4 21. exf4 Bxg2 22. Kxg2 Rxe1 23. Qxe1 Qd5+ 24. Kg1 h5 25. h4 f6 26. Qd2 Re8 27. Re1 Re4 28. Rxe4 Qxe4 29. a3 d3 30. Bc3 Ne7 31. Qe3 Qxe3 32. fxe3 Nd5 33. Bd2 f5 34. Kf2 Nf6 35. Ke1 Ne4 36. Kd1 Nxg3 37. Bc3 Ne4 38. Bd4 a6 39. a4 Kf7 40. Kc1 g6 41. Kd1 Ke6 42. Kc1 Kd5 43. Kd1 b5 44. axb5 axb5 45. Kc1 Nc5 46. Kb2 Ne6 47. Kc3 Nxd4 48. exd4 d2 49. Kxd2 Kxd4 50. Kc2 b4 51. Kd2 Ke4 52. Ke2 Kxf4 53. Kd3 Kg3 54. Kc4 f4 55. Kxb4 f3 56. Kc5 f2 57. b4 f1=Q 58. b5 Qf5+ 0-1


[Site "https://www.chess.com"]

[Event "Titled Tuesday Blitz January 31 Early 2023"]
[White "Shuvalov, Evgenij"]
[Black "Svane, Frederik"]
[WhiteFideId "4187237"]
[BlackFideId "12923044"]
[WhiteElo "2038"]
[BlackElo "2600"]
[Result "1-0"]
[Round "01"]
[TimeControl "180+2"]
[Date "2023.01.31"]
[WhiteClock "0:01:12"]
[BlackClock "0:00:07"]

1. d4 Nf6 2. c4 e6 3. Nc3 Bb4 4. a3 Bxc3+ 5. bxc3 Nc6 6. f3 Na5 7. e4 b6 8. Bd3 Ba6 9. Qe2 d6 10. Bg5 h6 11. Bh4 Qd7 12. Bxf6 gxf6 13. c5 Bxd3 14. Qxd3 dxc5 15. Ne2 Rd8 16. Rd1 Qa4 17. O-O Qc4 18. Qe3 Ke7 19. d5 exd5 20. exd5+ Kd7 21. Ng3 Kc8 22. Nf5 Rhe8 23. Qxh6 Qxc3 24. d6 Qe5 25. Rfe1 Qxe1+ 26. Rxe1 Rxe1+ 27. Kf2 Re6 28. Qg7 Re5 29. Qxf6 Re6 30. Qxf7 Rexd6 31. Nxd6+ Rxd6 32. g4 c4 33. g5 c3 34. g6 Kb7 35. Qf5 Rc6 36. Qc2 Nb3 37. g7 Nd4 38. Qxc3 Rxc3 39. g8=Q Rxf3+ 40. Kg2 Rxa3 41. Qd5+ Nc6 42. h4 Ra5 43. Qf3 Rc5 44. h5 a5 45. h6 Rg5+ 46. Kh3 Rg6 47. Qh5 Rg1 48. Kh2 Rg8 49. h7 Rh8 50. Qg6 a4 51. Qg7 Rd8 52. h8=Q Rxh8+ 53. Qxh8 b5 54. Qh5 Kb6 55. Qd5 b4 56. Qc4 a3 57. Kg3 Ka5 58. Qxc6 b3 59. Qc5+ Ka6 60. Qxa3+ Kb5 61. Qxb3+ Kc5 62. Kf4 c6 63. Ke4 Kd6 64. Kd4 c5+ 65. Kc4 Ke5 66. Kxc5 Kf4 67. Qd3 Kg5 68. Qe4 1-0


[Site "https://www.chess.com"]

[Event "Titled Tuesday Blitz January 31 Early 2023"]
[White "Paravyan, David"]
[Black "Roux, Baptiste"]
[WhiteFideId "4194985"]
[BlackFideId "36017450"]
[WhiteElo "2601"]
[BlackElo "2300"]
[Result "0-1"]
[Round "01"]
[TimeControl "180+2"]
[Date "2023.01.31"]
[WhiteClock "0:00:03"]
[BlackClock "0:00:15"]

1. Nf3 g6 2. e4 Bg7 3. d4 d6 4. h3 Nd7 5. Bc4 e6 6. O-O Ne7 7. Re1 O-O 8. Nbd2 a6 9. a4 h6 10. Nf1 Kh7 11. Ng3 e5 12. dxe5 Nxe5 13. Nxe5 Bxe5 14. Ra3 Be6 15. Bf1 Nc6 16. f4 Bd4+ 17. Kh2 Qh4 18. Qf3 Bc5 19. Rd3 Nd4 20. Qd1 Nc6 21. c3 Rae8 22. Qf3 Bc4 23. Rdd1 Bb3 24. Rd2 Bxa4 25. b4 Bb6 26. Bc4 Bb5 27. Bxb5 axb5 28. Rde2 Re7 29. Qd3 Rfe8 30. Qxb5 h5 31. Qd3 Qf6 32. e5 dxe5 33. Nxh5 Qh4 34. g4 exf4 35. Bxf4 Rxe2+ 36. Rxe2 Rxe2+ 37. Qxe2 gxh5 38. Qe4+ Kg8 39. Qe8+ Kg7 40. Bg3 Qg5 41. b5 Ne7 42. h4 Qd2+ 43. Kh3 hxg4+ 44. Kxg4 Qe2+ 45. Kh3 Qf1+ 46. Kh2 Bg1+ 47. Kh1 Bf2+ 48. Kh2 Qg1+ 0-1


[Site "https://www.chess.com"]

[Event "Titled Tuesday Blitz January 31 Early 2023"]
[White "Kokoszczynski, Jan"]
[Black "Hakobyan, Aram"]
[WhiteFideId "1174460"]
[BlackFideId "13306677"]
[WhiteElo "2247"]
[BlackElo "2608"]
[Result "0-1"]
[Round "01"]
[TimeControl "180+2"]
[Date "2023.01.31"]
[WhiteClock "0:00:18"]
[BlackClock "0:01:41"]

1. c4 e5 2. Nc3 Nf6 3. Nf3 Nc6 4. e3 Bb4 5. Qc2 Bxc3 6. Qxc3 Qe7 7. d4 Ne4 8. Qd3 exd4 9. Nxd4 O-O 10. a3 Nc5 11. Qe2 Nxd4 12. exd4 Qxe2+ 13. Bxe2 Nb3 14. Rb1 Nxd4 15. Be3 Nc2+ 16. Kd2 Nxe3 17. Kxe3 d6 18. Bf3 Re8+ 19. Kd2 Rb8 20. Rhe1 Be6 21. Kc3 a5 22. b4 axb4+ 23. axb4 c6 24. Ra1 Kf8 25. Ra7 Red8 26. Rd1 g5 27. g3 h6 28. Rd2 Ke7 29. b5 cxb5 30. cxb5 d5 31. Kd4 Rdc8 32. Be2 Kd6 33. Bd3 Rc1 34. Rc2 Rd1 35. Rc3 Bf5 36. Ke3 Re8+ 0-1


[Site "https://www.chess.com"]

[Event "Titled Tuesday Blitz January 31 Early 2023"]
[White "Timofeev, Artyom"]
[Black "Malka, Samuel"]
[WhiteFideId "4140419"]
[BlackFideId "20643675"]
[WhiteElo "2567"]
[BlackElo "2165"]
[Result "1-0"]
[Round "01"]
[TimeControl "180+2"]
[Date "2023.01.31"]
[WhiteClock "0:00:44"]
[BlackClock "0:00:02"]

1. e4 e5 2. Nf3 Nc6 3. Bb5 a6 4. Ba4 Nf6 5. d3 d6 6. c3 Be7 7. O-O O-O 8. Re1 Nd7 9. Bc2 Nb6 10. d4 Bg4 11. d5 Nb8 12. h3 Bh5 13. Nbd2 c6 14. c4 N8d7 15. b3 cxd5 16. cxd5 Rc8 17. Bd3 Nc5 18. Bf1 Qd7 19. a4 Qd8 20. a5 Na8 21. b4 Nd7 22. Nc4 Nc7 23. Be3 Nb5 24. Rc1 Bg6 25. Bd3 f5 26. exf5 Bxf5 27. Bxf5 Rxf5 28. Nfd2 Bg5 29. Ne4 Bxe3 30. fxe3 Qf8 31. Qd3 g6 32. Ncd2 Rxc1 33. Rxc1 Qe7 34. Nc4 Rf8 35. Nb6 Nxb6 36. axb6 Qd8 37. Kh2 Qxb6 38. Ng5 Rf5 39. Ne6 e4 40. Rc8+ Kf7 41. Qxe4 Nc3 42. Qh4 h5 43. Rf8# 1-0


[Site "https://www.chess.com"]

[Event "Titled Tuesday Blitz January 31 Early 2023"]
[White "Przybylski, Wojciech"]
[Black "Predke, Alexandr"]
[WhiteFideId "1117599"]
[BlackFideId "24107581"]
[WhiteElo "2321"]
[BlackElo "2685"]
[Result "0-1"]
[Round "01"]
[TimeControl "180+2"]
[Date "2023.01.31"]
[WhiteClock "0:00:02"]
[BlackClock "0:00:05"]

1. e4 c5 2. Nf3 e6 3. b3 d5 4. exd5 exd5 5. d4 Nf6 6. Bb2 Nc6 7. Be2 cxd4 8. Nxd4 Bb4+ 9. c3 Bd6 10. O-O O-O 11. Nd2 Nxd4 12. cxd4 Bf5 13. Bf3 Rc8 14. Rc1 Qa5 15. a3 Rxc1 16. Qxc1 Rc8 17. b4 Rxc1 18. bxa5 Rc2 19. Bc1 Rxd2 20. Bxd2 Bxa3 21. Bc3 Kf8 22. Ra1 Bd6 23. Kf1 g5 24. g3 g4 25. Bg2 h5 26. Ke2 h4 27. gxh4 Bxh2 28. Bb4+ Ke8 29. Bc5 a6 30. Ra3 Bc7 31. Rb3 Nh5 32. Rxb7 Nf4+ 33. Kf1 Bd8 34. Bd6 Bd3+ 35. Kg1 Nxg2 36. Kxg2 Bxh4 37. Bg3 Bg5 38. Be5 f5 39. Kg3 Bd2 40. Rb8+ Kd7 41. Rb7+ Ke6 42. Rb6+ Ke7 43. Rd6 Bc4 44. Rb6 Bxa5 45. Rf6 Bd3 46. Rg6 f4+ 47. Kxg4 Bxg6 48. Kxf4 Ke6 49. f3 Bd2+ 50. Kg4 a5 0-1


[Site "https://www.chess.com"]

[Event "Titled Tuesday Blitz January 31 Early 2023"]
[White "Svidler, Peter"]
[Black "Martin Duque, Jesus"]
[WhiteFideId "4102142"]
[BlackFideId "2208954"]
[WhiteElo "2683"]
[BlackElo "2386"]
[Result "1-0"]
[Round "01"]
[TimeControl "180+2"]
[Date "2023.01.31"]
[WhiteClock "0:00:23"]
[BlackClock "0:00:16"]

1. e4 c5 2. Nf3 b6 3. c4 Bb7 4. Nc3 g6 5. d4 cxd4 6. Nxd4 Bg7 7. Be3 Nc6 8. Qd2 Nf6 9. f3 O-O 10. Nc2 Rc8 11. Rc1 Ne5 12. b3 e6 13. Bf4 Nh5 14. Be3 Nf6 15. Be2 d5 16. f4 Neg4 17. e5 Nxe3 18. Qxe3 Nd7 19. cxd5 exd5 20. O-O Nc5 21. Nd4 Qe7 22. Bf3 Rfd8 23. Rfe1 Ne6 24. Ncb5 Rxc1 25. Rxc1 Nxd4 26. Nxd4 Rc8 27. Rd1 Qc5 28. h4 Qc3 29. Qxc3 Rxc3 30. Nb5 Rc5 31. Nd6 Bc6 32. b4 Rc2 33. Bxd5 Bxd5 34. Rxd5 Rxa2 35. Ne4 h6 36. Rd8+ Kh7 37. Rd7 Kg8 38. Nd6 g5 39. Rxf7 gxf4 40. e6 Bd4+ 41. Kf1 Ra1+ 42. Ke2 Bc3 43. Ne4 Re1+ 44. Kd3 Bxb4 45. Nf6+ 1-0


[Site "https://www.chess.com"]

[Event "Titled Tuesday Blitz January 31 Early 2023"]
[White "Borrmann, Laurenz"]
[Black "Bachmann, Axel"]
[WhiteFideId "312187930"]
[BlackFideId "3700488"]
[WhiteElo "2304"]
[BlackElo "2604"]
[Result "1-0"]
[Round "01"]
[TimeControl "180+2"]
[Date "2023.01.31"]
[WhiteClock "0:00:15"]
[BlackClock "0:00:01"]

1. d4 Nf6 2. c4 e6 3. Nf3 Bb4+ 4. Nbd2 O-O 5. a3 Be7 6. e4 d6 7. Be2 e5 8. dxe5 dxe5 9. Nxe5 Re8 10. O-O a5 11. Kh1 Na6 12. f4 Nc5 13. Qc2 Ne6 14. Ndf3 Bc5 15. Nxf7 Kxf7 16. e5 Kg8 17. exf6 Qxf6 18. Bd3 Nf8 19. Bd2 Ra6 20. Rae1 Rxe1 21. Rxe1 Re6 22. Ne5 Qh4 23. Bf5 Rh6 24. Nf3 Qd8 25. Bxa5 Ne6 26. Ng5 Nxg5 27. fxg5 Rd6 28. Bxh7+ Kh8 29. Bg6 Bd7 30. Qe4 Kg8 31. Qh4 Rxg6 32. Bd2 Qf8 33. Qh5 1-0


[Site "https://www.chess.com"]

[Event "Titled Tuesday Blitz January 31 Early 2023"]
[White "Kozin, Yuri"]
[Black "Sychev, Klementy"]
[WhiteFideId "4129920"]
[BlackFideId "4114060"]
[WhiteElo "2251"]
[BlackElo "2547"]
[Result "1-0"]
[Round "01"]
[TimeControl "180+2"]
[Date "2023.01.31"]
[WhiteClock "0:00:28"]
[BlackClock "0:00:07"]

1. e4 e5 2. Nf3 Nc6 3. Bb5 a6 4. Ba4 b5 5. Bb3 Na5 6. d4 exd4 7. Nxd4 Bb7 8. a4 c5 9. Nf5 c4 10. Ba2 d5 11. exd5 Qxd5 12. Qxd5 Bxd5 13. O-O Nf6 14. axb5 axb5 15. Nc3 Bc6 16. Nd4 b4 17. Ncb5 O-O-O 18. Nxc6 Nxc6 19. Bxc4 Bc5 20. Bxf7 Rhf8 21. Be6+ Kb7 22. Bg5 Kb6 23. c4 h6 24. Bxf6 Rxf6 25. Bd5 Rdf8 26. Bxc6 Rxf2 27. Rxf2 Bxf2+ 28. Kh1 Kxc6 29. Rf1 Re8 30. g3 Re2 31. b3 Rb2 32. g4 g6 33. h3 g5 34. Kg2 Be3+ 35. Kf3 Rxb3 36. Ke4 1-0


[Site "https://www.chess.com"]

[Event "Titled Tuesday Blitz January 31 Early 2023"]
[White "Mitrabha, Guha"]
[Black "Zong, Davis"]
[WhiteFideId "5057000"]
[BlackFideId "30903955"]
[WhiteElo "2507"]
[BlackElo "2151"]
[Result "1-0"]
[Round "01"]
[TimeControl "180+2"]
[Date "2023.01.31"]
[WhiteClock "0:01:20"]
[BlackClock "0:00:12"]

1. Nf3 d5 2. d4 Nf6 3. Bf4 c5 4. e3 Nc6 5. Nbd2 Bg4 6. c3 e6 7. Qa4 Nd7 8. Bb5 Qb6 9. Ne5 Ndxe5 10. Bxe5 c4 11. b3 cxb3 12. axb3 f6 13. Bg3 Be7 14. c4 O-O 15. c5 Qd8 16. Bxc6 bxc6 17. Qxc6 Qc8 18. Qxc8 Rfxc8 19. f3 Bf5 20. Kf2 Kf7 21. Ra3 e5 22. Rha1 Rc7 23. b4 Rb7 24. dxe5 Rxb4 25. exf6 Bxc5 26. fxg7 Kxg7 27. Nb3 Be7 28. Nd4 Rb2+ 29. Kg1 Bd3 30. Rxd3 1-0


[Site "https://www.chess.com"]

[Event "Titled Tuesday Blitz January 31 Early 2023"]
[White "Astafurov, Arseniy"]
[Black "Babazada, Khazar"]
[WhiteFideId "24175218"]
[BlackFideId "13413554"]
[WhiteElo "2263"]
[BlackElo "2474"]
[Result "1/2-1/2"]
[Round "01"]
[TimeControl "180+2"]
[Date "2023.01.31"]
[WhiteClock "0:00:39"]
[BlackClock "0:00:52"]

1. c4 g6 2. Nc3 Bg7 3. Nf3 Nf6 4. g3 O-O 5. Bg2 c5 6. d4 cxd4 7. Nxd4 Nc6 8. O-O d6 9. Nxc6 bxc6 10. Bxc6 Bh3 11. Bxa8 Qxa8 12. f3 Bxf1 13. Kxf1 Rc8 14. Qd3 Nd7 15. Bf4 Nc5 16. Qd5 Qb8 17. Qd2 Bxc3 18. Qxc3 Na4 19. Qb3 Nb6 20. Rc1 Qb7 21. Qd3 Qa6 22. b3 Qxa2 23. Qc3 Nd5 24. Qa1 Qxa1 25. Rxa1 Nxf4 26. gxf4 Rb8 27. Rxa7 Rxb3 28. Rxe7 Kg7 29. Kf2 Rc3 30. Re4 Kf6 31. Kg3 h5 32. Kf2 Rc1 1/2-1/2


[Site "https://www.chess.com"]

[Event "Titled Tuesday Blitz January 31 Early 2023"]
[White "Drygalov, Sergey"]
[Black "Zochowski, Kacper"]
[WhiteFideId "24171743"]
[BlackFideId "1125494"]
[WhiteElo "2547"]
[BlackElo "2262"]
[Result "1-0"]
[Round "01"]
[TimeControl "180+2"]
[Date "2023.01.31"]
[WhiteClock "0:01:55"]
[BlackClock "0:00:45"]

1. d4 d6 2. Nf3 Nf6 3. c4 Nbd7 4. Nc3 e5 5. g3 Be7 6. Bg2 O-O 7. O-O c6 8. e4 Qc7 9. h3 a6 10. a4 a5 11. Be3 Re8 12. Rc1 exd4 13. Nxd4 Nc5 14. f3 Qb6 15. b3 Bd7 16. g4 Rad8 17. Bf2 Bc8 18. Qd2 Qb4 19. Qc2 Bf8 20. Rfe1 h6 21. Rcd1 g6 22. Na2 Qa3 23. Qb1 Bg7 24. Re3 Na6 25. Red3 Nb4 26. Nxb4 Qxb4 27. Nc2 d5 28. Nxb4 axb4 29. cxd5 cxd5 30. exd5 Nd7 31. d6 Bc3 32. Rxc3 bxc3 33. Qc2 b6 34. Qxc3 Re2 35. Bf1 Ra2 36. Bc4 Re8 37. Re1 Rxe1+ 38. Qxe1 Nf6 39. Qe7 1-0


[Site "https://www.chess.com"]

[Event "Titled Tuesday Blitz January 31 Early 2023"]
[White "Mkrtchian, Lilit"]
[Black "Oparin, Grigoriy"]
[WhiteFideId "13300601"]
[BlackFideId "24125890"]
[WhiteElo "2389"]
[BlackElo "2667"]
[Result "0-1"]
[Round "01"]
[TimeControl "180+2"]
[Date "2023.01.31"]
[WhiteClock "0:00:01"]
[BlackClock "0:01:24"]

1. Nf3 Nf6 2. g3 d5 3. Bg2 c5 4. O-O g6 5. c4 Bg7 6. cxd5 Nxd5 7. d4 cxd4 8. Nxd4 O-O 9. Nc3 Nxc3 10. bxc3 Qc7 11. Qb3 a6 12. Be3 e5 13. Nf3 Be6 14. Qa3 h6 15. Rab1 Nd7 16. Nd2 Rfb8 17. Rfd1 Bf8 18. Qb2 b5 19. Bxa8 Rxa8 20. Nb3 Rc8 21. Rbc1 h5 22. Qd2 Nf6 23. f3 Nd5 24. Bh6 Ba3 25. Rc2 Nb4 26. cxb4 Qxc2 27. Nc5 Qxd2 28. Rxd2 Bxb4 29. Nxe6 Bxd2 30. Bxd2 fxe6 31. Be3 Rc2 32. Kf2 Rxa2 0-1


[Site "https://www.chess.com"]